 Dungeon Crawl Stone Soup version 0.29.1-12-g30fa7ad0bf (webtiles) character file.

Game seed: 7381493896421921683

1897 KittyFluff the Covered (level 9, -4/55 HPs)
             Began as a Gargoyle Berserker on Jan 13, 2023.
             Was an Elder of Trog.
             Slain by Maggie
             ... wielding a +1 broad axe of flaming
              (11 damage)
             ... on level 7 of the Dungeon.
             The game lasted 00:33:31 (7725 turns).

KittyFluff the Covered (Gargoyle Berserker)         Turns: 7725, Time: 00:33:32

Health: -4/55      AC: 20    Str: 23    XL:     9   Next: 15%
Magic:  9/9        EV: 12    Int:  8    God:    Trog [****..]
Gold:   234        SH:  0    Dex: 11    Spells: 8/8 levels left

rFire   . . .      SeeInvis .   r - +0 flail
rCold   . . .      Faith    .   (no shield)
rNeg    + . .      Spirit   .   f - +0 leather armour
rPois   ∞          Reflect  .   o - +1 helmet
rElec   +          Harm     .   (no cloak)
rCorr   .          Rampage  .   (no gloves)
Will    .....                   s - +2 pair of boots
Stlth   +.........              (no amulet)
HPRegen 0.18/turn               p - +4 ring of protection
MPRegen 0.11/turn               (no ring)

@: mesmerised
A: sickness immunity, AC +6, negative energy resistance 1, electricity
resistance, torment resistance 1, petrification resistance
a: Renounce Religion, Berserk, Trog's Hand, Brothers in Arms


You were on level 7 of the Dungeon.
You worshipped Trog.
Trog was greatly pleased with you.
You visited 1 branch of the dungeon, and saw 8 of its levels.
You also visited: Sewer.

You collected 234 gold pieces.

Inventory:

Hand Weapons
 a - a +0 mace
 r - a +0 flail (weapon)
 v - a +0 morningstar
 D - the +4 sling of the Firefly {flame, Will+ Int-3 Dex+3}
   (You found it on level 5 of the Dungeon)

   Any ammunition fired from it burns those it strikes, dealing additional fire
   damage.
   Int:       It affects your intelligence (-3).
   Dex:       It affects your dexterity (+3).
   Will:      It increases your willpower.
Missiles
 e - 2 throwing nets
 k - 34 stones (quivered)
 z - 20 poisoned darts
Armour
 c - a +0 scale mail
 f - a +0 leather armour (worn)
 i - a +0 ring mail
 o - a +1 helmet (worn)
 s - a +2 pair of boots (worn)
Jewellery
 p - a +4 ring of protection (left hand)
 F - an amulet of faith
Wands
 t - a wand of light (4)
 y - a wand of roots (10)
Scrolls
 g - a scroll of amnesia {unknown}
 h - 2 scrolls of noise
 j - a scroll of silence {unknown}
 l - 2 scrolls of fear {unknown}
 m - 2 scrolls of magic mapping {unknown}
 n - 2 scrolls of teleportation {unknown}
 q - a scroll of immolation {unknown}
 u - a scroll of torment {unknown}
 w - 2 scrolls of enchant armour {unknown}
Potions
 b - a potion of lignification
 d - 2 potions of attraction
 x - a potion of berserk rage
 A - 2 potions of flight
 B - 2 potions of curing
 C - 2 potions of haste {unknown}
 E - a potion of degeneration {unknown}


   Skills:
 + Level 5.9 Fighting
 * Level 7.2 Maces & Flails
 + Level 2.4 Ranged Weapons
 * Level 7.4 Armour
 + Level 4.1 Dodging


You had 8 spell levels left.
You didn't know any spells.
Your spell library was empty.

Dungeon Overview and Level Annotations

Branches:
Dungeon (8/15)             Temple (0/1) D:4           Sewer (visited)
   Lair: D:8-11

Altars:
Elyvilon
Xom
Zin

Annotations:
D:7 Maggie


Innate Abilities, Weirdness & Mutations

You are immune to sickness and miasma.
Your stone body is resilient. (AC +6)
You are immune to poison.
You resist negative energy. (rN+)
You are resistant to electric shocks. (rElec)
You are resistant to unholy torment.
You are immune to petrification.


Message History

You shoot a sling bullet. The sling bullet hits Maggie.
The sling bullet burns Maggie.
Maggie is heavily wounded.
Maggie mumbles some strange words.
Maggie attempts to bespell you!
You are mesmerised by Maggie!
The +4 sling of the Firefly {flame, Will+ Int-3 Dex+3} stops flaming.
r - a +0 flail (weapon)
You sock Maggie!
Maggie is severely wounded.
Maggie misses you.
You hit Maggie but do no damage.
Maggie is severely wounded.
Maggie gestures at you while chanting. The bolt of fire hits you!
You completely miss Maggie.
Maggie is severely wounded.
Maggie points at you and mumbles some strange words.
The bolt of fire hits you!!
You hit Maggie.
Maggie is severely wounded.
Maggie shouts, "Leave me alone!"
Maggie hits you with a +1 broad axe of flaming!
* * * LOW HITPOINT WARNING * * *
Maggie burns you.
* * * LOW HITPOINT WARNING * * *
You closely miss Maggie.
Maggie is severely wounded.
Maggie hits you with a +1 broad axe of flaming.
* * * LOW HITPOINT WARNING * * *
Maggie burns you.
* * * LOW HITPOINT WARNING * * *
You barely miss Maggie.
Maggie is severely wounded.
Maggie says, "Leave now, and tell all of Margery's mercy!"
Maggie barely misses you.
You thump Maggie!
Maggie is almost dead.
Maggie hits you with a +1 broad axe of flaming!
You die...

.....#
###.....##
######.........
#............(
##............
##..........#
#.!.........#
........@@..#
......##....#
..... ##.......
.... #.....##
... ....### .#
...## #...
#.##. ## #


You could see Maggie (mesmerising).

Vanquished Creatures
  Menkaure (D:7)
  A water moccasin (D:7)
  4 ice beasts
  3 ogres
  A phantom (D:6)
  2 kobold brigands
  2 bullfrogs (D:6)
  A necrophage (D:6)
  3 killer bees (D:7)
  2 orc priests (D:4)
  5 hounds
  A jelly (D:5)
  An iguana (D:6)
  2 orc wizards (D:4)
  8 adders
  2 river rats (Sewer)
  2 ufetubi
  4 worms
  2 dart slugs
  12 orcs
  7 ball pythons
  6 endoplasms
  2 giant cockroaches (D:6)
  3 goblins
  13 hobgoblins
  6 jackals
  5 quokkas
  5 bats
  A frilled lizard (D:1)
  15 kobolds
  3 rats
125 creatures vanquished.

Notes
Turn   | Place    | Note
-------+----------+-------------------------------------------
     0 | D:1      | KittyFluff the Gargoyle Berserker began the quest for the
                  | Orb.
     0 | D:1      | Reached XP level 1. HP: 14/14 MP: 1/1
     4 | D:1      | Noticed an electric eel
   542 | D:1      | Reached XP level 2. HP: 19/19 MP: 2/2
   550 | D:1      | Found a faded altar of an unknown god.
  1312 | D:1      | Reached ** piety under Trog
  1313 | D:1      | Reached XP level 3. HP: 19/23 MP: 3/3
  2063 | D:2      | Reached XP level 4. HP: 21/29 MP: 4/4
  2926 | D:3      | Found a shimmering altar of Xom.
  3469 | D:4      | Reached XP level 5. HP: 32/33 MP: 5/5
  3745 | D:4      | Found a staircase to the Ecumenical Temple.
  3794 | D:4      | Reached *** piety under Trog
  4067 | D:4      | Reached XP level 6. HP: 38/38 MP: 6/6
  4592 | D:5      | Entered Level 5 of the Dungeon
  4959 | D:5      | You fall into a shaft and drop 3 floors!
  4965 | D:8      | Found a glowing silver altar of Zin.
  5070 | D:7      | Reached skill level 5 in Maces & Flails
  5073 | D:7      | Reached XP level 7. HP: 15/44 MP: 7/7
  5378 | D:6      | Reached skill level 5 in Armour
  5570 | D:6      | Found a glowing drain.
  5605 | Sewer    | Entered a sewer
  5618 | Sewer    | Reached **** piety under Trog
  5875 | Sewer    | Found a white marble altar of Elyvilon.
  5980 | D:5      | Identified the +4 sling of the Firefly {flame, Will+ Int-3
                  | Dex+3}
  6084 | D:5      | Reached skill level 5 in Fighting
  6154 | D:5      | Reached XP level 8. HP: 49/49 MP: 8/8
  6191 | D:5      | Found a white marble altar of Elyvilon.
  6716 | D:5      | Reached skill level 1 in Ranged Weapons
  7531 | D:6      | Reached XP level 9. HP: 55/55 MP: 9/9
  7622 | D:7      | Noticed Menkaure
  7633 | D:7      | Killed Menkaure
  7636 | D:7      | Noticed Maggie
  7725 | D:7      | Slain by Maggie

Illustrated notes

Levels and vault maps discovered:
D:1:      arrival_aquarium_a, layout_basic,
          shapermc_ecumenical_altar_totnotflames, grunt_decor_clamped
D:2:      layout_basic
D:3:      layout_loops_ring, mainiacjoe_overflow_six_doors_small,
          minmay_strange_pillars
D:4:      layout_basic, minmay_temple_entry_large_hall
D:5:      layout_basic, elyvilon_altar_1, uniq_pikel
D:6:      layout_gridville, portal_sewer_entry_f, grunt_ministairs_13
D:7:      layout_layer_cave, nicolae_shop_vocational, uniq_duvessa,
          uniq_menkaure, uniq_maggie
D:8:      layout_loops_ring, nicolae_overflow_hidden_temple,
          chequers_serial_rivers_marsh, nicolae_wwwww, uniq_gastronok,
          uniq_joseph, uniq_amaemon

Skill      XL: |  1  2  3  4  5  6  7  8  9 |
---------------+----------------------------+-----
Dodging        | 2 3 4 |  4.1
Armour         | 3 4 6 7 |  7.4
Maces & Flails | 4 5 6 7 |  7.2
Fighting       | 4 5 |  5.9
Ranged Weapons | 2 |  2.4

Action                   |  1- 3 |  4- 6 |  7- 9 || total
-------------------------+-------+-------+-------++-------
Melee: Mace              |   146 |   178 |       ||   324
       Punch             |     1 |     2 |     3 ||     6
       Flail             |       |    52 |   216 ||   268
 Fire: Sling             |       |       |    49 ||    49
Throw: Stone             |     2 |       |     2 ||     4
Invok: Berserk           |       |     1 |       ||     1
  Use: Scroll            |     1 |     3 |       ||     4
       Potion            |       |     2 |       ||     2
Armor: Animal skin       |     6 |       |       ||     6
       Leather armour    |    53 |    99 |   128 ||   280
Dodge: Dodged            |    84 |   164 |   125 ||   373
